 Dungeon Crawl Stone Soup version 0.32-a0-685-g93135e86f0 (webtiles) character file.

Game seed: 11768659585019008395

4693 Aldia the Toxicologist (level 10, -7/63 HPs)
             Began as an Octopode Alchemist on Mar 12, 2024.
             Was an Initiate of Gozag.
             Mangled by an orc warlord
             ... wielding a +4 battleaxe
              (31 damage)
             ... in a bailey.
             The game lasted 00:27:28 (10161 turns).

Aldia the Toxicologist (Octopode Alchemist)        Turns: 10161, Time: 00:27:29

Health: -7/63      AC:  1    Str: 14    XL:     10   Next: 44%
Magic:  15/21      EV: 24    Int: 21    God:    Gozag
Gold:   1569       SH:  7    Dex: 13    Spells: 5/23 levels left

rFire   . . .        m - staff of alchemy
rCold   . . .        e - +2 buckler
rNeg    . . .        (helmet currently unavailable)
rPois   +            D - amulet of the acrobat
rElec   .            g - +6 ring of strength
rCorr   .            l - +5 ring of evasion
SInv    .            F - +5 ring of evasion
Will    .....        (no ring)
Stlth   +++          (no ring)
HPRegen 0.30/turn    (no ring)
MPRegen 0.17/turn    (no ring)
                     (no ring)

%: acrobat
@: beast-form, studying Polearms
A: beast (slay +0), almost no armour, amphibious, 8 rings, camouflage 1,
gelatinous body 1, (nimble swimmer 1), tentacles
a: Begin Untransformation, Renounce Religion, Potion Petition, Call Merchant,
Bribe Branch


You were in a bailey.
You worshipped Gozag.
Gozag was most pleased with you.
You were a hulking beast.
You visited 2 branches of the dungeon, and saw 10 of its levels.
You also visited: Bailey.

You collected 1624 gold pieces.
You paid 55 gold pieces to Gozag.

Inventory:

Hand Weapons
 B - the +6 flail "Murmur" {spect, Int+2}
   (You found it on level 6 of the Dungeon)

   Int+2:     It affects your intelligence (+2).
 E - a +3 whip of electrocution
Armour
 e - a +2 buckler (worn)
Magical Staves
 m - a staff of alchemy (weapon)
 C - a staff of conjuration
Jewellery
 g - a +6 ring of strength (left tentacle)
 l - a +5 ring of evasion (right tentacle)
 D - an amulet of the acrobat (around mantle)
 F - a +5 ring of evasion (on tentacle)
 J - a ring of fire
Talismans
 h - a beast talisman (active)
 i - a serpent talisman
Wands
 v - a wand of polymorph (5)
 A - a wand of light (16)
Scrolls
 c - 2 scrolls of teleportation
 k - a scroll of enchant weapon {unknown}
 n - a scroll of torment {unknown}
 p - 3 scrolls of fear
 q - a scroll of poison {unknown}
 s - a scroll of brand weapon {unknown}
 t - a scroll of butterflies
 u - a scroll of immolation
 w - a scroll of identify
 y - a scroll of enchant armour {unknown}
 H - a scroll of vulnerability {unknown}
 I - a scroll of blinking {unknown}
 K - a scroll of fog {unknown}
Potions
 a - 7 potions of magic
 b - 4 potions of mutation
 d - a potion of resistance
 f - a potion of curing
 j - 2 potions of heal wounds
 o - 4 potions of brilliance
 r - 2 potions of haste
 x - 2 potions of enlightenment
 z - a potion of attraction
 G - a potion of invisibility


   Skills:
 + Level 4.0 Fighting
 + Level 4.0 Dodging
 - Level 3.0 Stealth
 - Level 4.0 Shields
 + Level 7.3 Spellcasting
 - Level 6.0 Conjurations
 - Level 5.0 Fire Magic
 - Level 2.0 Air Magic
 * Level 8.4 Alchemy


You had 5 spell levels left.
You knew the following spells:

 Your Spells              Type           Power      Damage    Failure   Level
a - Sting                 Conj/Alch      100%       1d9       1%          1
b - Mercury Vapours       Alch/Air       88%        N/A       1%          2
c - Mephitic Cloud        Conj/Alch/Air  46%        N/A       3%          3
d - Olgreb's Toxic Radia  Alch           59%        N/A       3%          4
e - Sticky Flame          Fire/Alch      52%        2d9       7%          4
f - Fulminant Prism       Conj/Alch      27%        3d13      6%          4

Your spell library contained the following spells:

 Spells                   Type           Power      Damage    Failure   Level
 Magic Dart               Conj           100%       1d8       1%          1
 Searing Ray              Conj           64%        2d6       1%          2
 Momentum Strike          Conj/Tloc      40%        3d9       4%          2
 Hailstorm                Conj/Ice       20%        3d7       10%         3
 Stone Arrow              Conj/Erth      40%        3d9       10%         3
 Sandblast                Erth           14%        2d6       11%         1
 Blink                    Tloc           14%        N/A       17%         2
 Call Imp                 Summ           14%        N/A       17%         2
 Ensorcelled Hibernation  Hex/Ice        14%        N/A       17%         2
 Lesser Beckoning         Tloc           14%        N/A       17%         2
 Fugue of the Fallen      Necr           7%         N/A       32%         3
 Summon Ice Beast         Ice/Summ       7%         N/A       32%         3
 Brom's Barrelling Bould  Conj/Erth      20%        2d4       32%         4
 Anguish                  Hex/Necr       3%         N/A       73%         4
 Cause Fear               Hex            3%         N/A       73%         4
 Sculpt Simulacrum        Ice/Alch       19%        N/A       97%         6
 Permafrost Eruption      Ice/Erth       3%         2x4d2     100%        6
 Enfeeble                 Hex            3%         N/A       100%        7
 Malign Gateway           Summ/Tloc      3%         N/A       100%        7
 Summon Horrible Things   Summ           3%         N/A       100%        8


Dungeon Overview and Level Annotations

Branches:
Dungeon (9/15)             Temple (1/1) D:4          Bailey (1/1)
   Lair: D:8-11         Orc: D:9-12

Altars:
Ashenzari
Cheibriados
Dithmenos
Elyvilon
Fedhas
Gozag
Hepliaklqana
Kikubaaqudgha
Makhleb
Nemelex Xobeh
Okawaru
Qazlal
Ru
Sif Muna
Trog
Uskayaw
Vehumet
Wu Jian
Xom
Yredelemnul
Zin
The Shining One

Annotations:
D:9 Joseph


Innate Abilities, Weirdness & Mutations

You are a hulking beast.
Your limbs bulge with bestial killing power. (Slay +0)
You cannot wear most types of armour.
You are amphibious.
You can wear up to eight rings at the same time.
Your skin changes colour to match your surroundings (Stealth+).
Your rubbery body absorbs attacks. (AC +1, EV +1)
((You are camouflaged when in or above water. (Stealth+)))
You have tentacles for arms and can constrict up to eight enemies at once.


Message History

Aim: an orc warlord, wielding a +4 battleaxe and wearing a +3 chain mail (severely wounded, extremely poisoned)
You feel a surge of power!
The sticky flame hits the orc warlord but does no damage.
The orc warlord is severely wounded.
The orc warlord burns!
The orc warlord hits you with a +4 battleaxe!!!
Ouch! That really hurt!
Unknown command.
Unknown command.
Unknown command.
Aiming: Bolt of Light
Press: ? - help, Shift-Dir - straight line, f/p - orc warlord
Aim: an orc warlord, wielding a +4 battleaxe and wearing a +3 chain mail (almost dead, covered in liquid flames, extremely poisoned, 86% to hit)
Okay, then.
Casting: Sticky Flame (dangerous; 7% risk of failure)
Confirm with . or Enter, or press ? or * to list all spells.
Aiming: Mephitic Cloud (dangerous; 3% risk of failure)
Press: ? - help, Shift-Dir - straight line, f/p - orc warlord
Aim: an orc warlord, wielding a +4 battleaxe and wearing a +3 chain mail (almost dead, covered in liquid flames, extremely poisoned, chance to affect: 29%)
You feel a surge of power!
The ball explodes into a vile cloud!
The stinking cloud engulfs the orc warlord.
The orc warlord is almost dead.
The stinking cloud engulfs you.
The orc warlord burns!
The orc warlord is engulfed in noxious fumes.
The orc warlord hits you with a +4 battleaxe!!
* * * LOW HITPOINT WARNING * * *
Unknown command.
Unknown command.
Unknown command.
The orc warlord burns!
The orc warlord is engulfed in noxious fumes.
The orc warlord shakes off the sticky flame as it moves.
The orc warlord attacks as it pursues you!
You block the orc warlord's attack.
Unknown command.
You feel much better.
The orc warlord is engulfed in noxious fumes.
The orc warlord hits you with a +4 battleaxe!!
You die...
Your body crumbles into a pile of gold.

#...'~~....∩...
#...'~~........
#.(.##~ß.ß...ß.
##....#~........
##..)..#~~#~.....
##.....)#### ~~#~~
#...ß.))...#######
#.§§§(.....'..$.$$
#ho○.......#)~~~~#
##§)ß).ß...#~~~~~#
##.......##~~~~~#
##.....##.......
##...##..$.....
#####♣♣♣.....♣
♣♣♣∩♣♣♣ ♣♣♣


You could see an orc warlord (very poisoned).

Vanquished Creatures
  Maggie (D:8)
  Sigmund (D:3)
  A wyvern (D:8)
  Grum (D:8)
  2 vampire mosquitoes
  Duvessa (D:6)
  5 orc warriors
  2 ogres
  An ice beast (D:7)
  2 wolves (D:8)
  2 centaurs
  2 phantoms
  A kobold brigand (D:8)
  3 bullfrogs
  A scorpion (D:6)
  10 wights
  Dowan (D:6)
  5 killer bees (D:5)
  5 howler monkeys (D:8)
  A bombardier beetle (D:3)
  5 hounds
  2 orc priests
  A jelly (D:6)
  A sleepcap (D:4)
  4 gnoll boudas
  An iguana (D:6)
  7 orc wizards
  21 gnolls
  10 adders
  A shadow imp (D:5)
  A white imp (D:7)
  4 ufetubi
  3 dart slugs
  A ribbon worm (D:3)
  33 orcs
  3 bats
  5 endoplasms
  6 giant cockroaches
  9 goblins
  11 hobgoblins
  7 jackals
  2 quokkas
  6 ball pythons
  5 frilled lizards
  23 kobolds
  7 rats
227 creatures vanquished.

Vanquished Creatures (others)
  6 fulminant prisms
6 creatures vanquished.

Grand Total: 233 creatures vanquished

Notes
Turn   | Place    | Note
-------+----------+-------------------------------------------
     0 | D:1      | Aldia the Octopode Alchemist began the quest for the Orb.
     0 | D:1      | Reached XP level 1. HP: 11/11 MP: 3/3
   287 | D:1      | Reached XP level 2. HP: 17/17 MP: 1/5
   290 | D:1      | Learned a level 2 spell: Mercury Vapours
  1150 | D:2      | Reached XP level 3. HP: 21/21 MP: 2/6
  1154 | D:2      | Learned a level 3 spell: Mephitic Cloud
  1266 | D:2      | Found a faded altar of an unknown god.
  1367 | D:2      | Reached skill level 1 in Air Magic
  1533 | D:2      | Reached skill level 1 in Shields
  1533 | D:2      | Reached skill level 4 in Alchemy
  1768 | D:2      | Reached XP level 4. HP: 23/27 MP: 2/7
  2241 | D:3      | Reached XP level 5. HP: 31/31 MP: 5/9
  2276 | D:3      | Noticed Sigmund
  2793 | D:3      | Killed Sigmund
  2794 | D:3      | Reached XP level 6. HP: 36/36 MP: 0/11
  3073 | D:3      | Found a blossoming altar of Fedhas.
  3155 | D:3      | Reached skill level 5 in Alchemy
  3304 | D:3      | Found a sacrificial altar of Ru.
  3304 | D:3      | Found a hazy altar of Hepliaklqana.
  3379 | D:3      | Reached XP level 7. HP: 23/42 MP: 0/12
  3591 | D:3      | Found a sparkling altar of Nemelex Xobeh.
  3591 | D:3      | Found an opulent altar of Gozag.
  3600 | D:3      | Became a worshipper of Gozag Ym Sagoz the Greedy
  3670 | D:4      | Learned a level 4 spell: Olgreb's Toxic Radiance
  3696 | D:4      | Found a staircase to the Ecumenical Temple.
  3722 | Temple   | Entered the Ecumenical Temple
  3819 | D:4      | Reached skill level 1 in Fighting
  4393 | D:4      | Found a broken altar of Ashenzari.
  4718 | D:5      | Entered Level 5 of the Dungeon
  4870 | D:5      | Reached skill level 6 in Alchemy
  5064 | D:5      | Reached XP level 8. HP: 50/50 MP: 8/14
  5129 | D:5      | Reached skill level 7 in Alchemy
  5914 | D:6      | Learned a level 4 spell: Sticky Flame
  5943 | D:6      | Found a glowing silver altar of Zin.
  6113 | D:6      | Reached skill level 1 in Fire Magic
  6332 | D:6      | Reached skill level 5 in Spellcasting
  6457 | D:6      | Identified the +6 flail "Murmur" {spect, Int+2}
  6501 | D:6      | Reached XP level 9. HP: 52/56 MP: 7/16
  6517 | D:6      | Reached skill level 8 in Alchemy
  6522 | D:6      | Learned a level 4 spell: Fulminant Prism
  6659 | D:6      | Noticed Duvessa
  6659 | D:6      | Noticed Dowan
  6667 | D:6      | Killed Duvessa
  6670 | D:6      | Killed Dowan
  7535 | D:7      | Found a bloodstained altar of Trog.
  7565 | D:7      | Found an iron altar of Okawaru.
  7841 | D:7      | Found a hide-covered altar of Uskayaw.
  8293 | D:7      | Reached skill level 5 in Fire Magic
  8621 | D:8      | Noticed Maggie
  8629 | D:8      | Killed Maggie
  8630 | D:8      | Reached XP level 10. HP: 63/63 MP: 1/19
  8633 | D:8      | Reached skill level 5 in Conjurations
  9036 | D:8      | Found a snail-covered altar of Cheibriados.
  9036 | D:8      | Noticed a torpor snail
  9038 | D:8      | Noticed a torpor snail
  9038 | D:8      | Noticed a torpor snail
  9370 | D:8      | Noticed Grum
  9381 | D:8      | Killed Grum
  9773 | D:9      | Found a flagged portal.
  9780 | D:9      | Noticed Joseph
  9782 | Bailey   | Entered a bailey
  9837 | Bailey   | Noticed an orc warlord
  9953 | Bailey   | Found a runed translucent gate.
  9953 | Bailey   | Found a runed translucent gate.
 10059 | Bailey   | Found a runed translucent gate.
 10161 | Bailey   | Mangled by an orc warlord

Illustrated notes

Levels and vault maps discovered:
D:1:      dpeg_arrival_prison, layout_basic
D:2:      layout_loops_ring, ebering_ecumenical_altar_box, grunt_ministairs_12,
          kennysheep_donut, chequers_serial_rivers_small_b, chequers_mini_garden
D:3:      minmay_chambers_of_threes, layout_loops_ring,
          mainiacjoe_overflow_paths, gammafunk_temple_overflow_wave,
          grunt_temple_overflow_opulence, uniq_sigmund
D:4:      layout_loops_cross, mainiacjoe_overflow_alcove_1,
          minmay_temple_entry_statues_fountains
D:5:      layout_cave_pools, mainiacjoe_sewer_entry_somewhere_in_here_1,
          dk_rats_in_the_wall
D:6:      layout_cave_pools, nicolae_overflow_hidden_temple, uniq_duvessa
D:7:      layout_basic, mainiacjoe_overflow_two_lobes,
          nicolae_uskayaw_dance_hall, serial_library_hellmonk_secret_room
D:8:      layout_basic, cheibriados_altar_2, minmay_manual_monstrance,
          uniq_grum, uniq_maggie
D:9:      dragon1_lemuel, layout_small_grid, enter_bailey_2, uniq_joseph,
          uniq_maurice
Temple:   jpeg_temple_clearing
Bailey:   bailey_axe_bossmonster_kennysheep, bailey

Skill      XL: |  1  2  3  4  5  6  7  8  9 10 |
---------------+-------------------------------+-----
Stealth        | 3 |  3.0
Air Magic      | 1 2 |  2.0
Shields        | 1 2 3 4 |  4.0
Alchemy        | 4 5 6 7 8 |  8.4
Spellcasting   | 3 4 5 6 7 |  7.3
Conjurations   | 2 4 6 |  6.0
Fighting       | 2 3 4 |  4.0
Fire Magic     | 2 5 |  5.0
Dodging        | 4 |  4.0

Action                     |  1- 3 |  4- 6 |  7- 9 | 10-12 || total
---------------------------+-------+-------+-------+-------++-------
  Melee: Unarmed           |     1 |       |       |       ||     1
         Staff             |     6 |    17 |    85 |    39 ||   147
         Whip              |     3 |       |       |       ||     3
         Tentacles         |     2 |     5 |    34 |    15 ||    56
         Constrict         |     2 |     3 |    32 |    14 ||    51
   Cast: Sting             |    53 |    55 |   156 |    18 ||   282
         Mephitic Cloud    |       |     3 |     9 |     2 ||    14
         Mercury Vapours   |       |     2 |       |       ||     2
         Olgreb's Toxic Ra |       |       |     9 |    14 ||    23
         Sticky Flame      |       |       |    17 |     4 ||    21
         Fulminant Prism   |       |       |     3 |     3 ||     6
  Evoke: Wand              |       |       |       |     1 ||     1
    Use: Scroll            |       |     5 |     5 |     4 ||    14
         Potion            |       |       |       |     4 ||     4
   Stab: Sleeping          |       |     1 |     2 |       ||     3
         Confused          |       |     1 |     1 |       ||     2
 Armour: Skin              |     8 |    21 |    52 |    10 ||    91
  Dodge: Dodged            |    10 |    15 |   101 |    35 ||   161
  Block: Buckler           |     6 |     9 |    57 |    19 ||    91
   Form: Beast             |       |       |     1 |       ||     1

Table legend: (Time is in decaauts)
 A = Elapsed time spent in this place.
 B = Non-inter-level travel time spent in this place.
 C = Inter-level travel time spent in this place.
 D = Time resting spent in this place.
 E = Time spent auto-exploring this place.
 F = Levels seen in this place.
 G = Mean time per level.
                   A        B        C        D        E       F      G
               +--------+--------+--------+--------+--------+-----+--------+
         Total |  10189 |   9796 |    393 |    545 |   7255 |  11 |  926.3 |
       Dungeon |   9727 |   9334 |    393 |    488 |   7144 |   9 | 1080.8 |
        Temple |     76 |     76 |      0 |     57 |      0 |   1 |   76.0 |
        Bailey |    385 |    385 |      0 |      0 |    111 |   1 |  385.0 |
               +--------+--------+--------+--------+--------+-----+--------+

Top non-repeatable levels by time:
     D:3: 1576 daAuts
     D:6: 1422 daAuts
     D:7: 1296 daAuts
     D:4: 1189 daAuts
     D:8: 1183 daAuts
     D:2: 1167 daAuts
     D:1: 945 daAuts
     D:5: 929 daAuts
  Bailey: 385 daAuts
  Temple: 76 daAuts
     D:9: 17 daAuts
